| TOP OF THE 1ST |
|
Walla Walla Walleyes batting - Pitching for Bellingham Mariners : LHP Bernard Gallo
|
|
Pitching: LHP Bernard Gallo
|
|
|
Batting: SHB Damon Farmar
|
0-0: Ball 1-0: Bunted foul 1-1: Foul Ball, location: 2F 1-2: Ball 2-2: SINGLE (Line Drive, 8RS, EV 108.8 MPH)
|
|
Batting: RHB John Cortez
|
0-0: Ball 1-0: Fly out, F4 (Popup, 4, EV 65.6 MPH)
|
|
Batting: RHB Curtis Burke
|
0-0: Ball 1-0: Ball 2-0: Swinging Strike 2-1: Foul Ball, location: 2F 2-2: Ball 3-2: SINGLE (Groundball, 6S, EV 69.4 MPH) (infield hit) Damon Farmar to second
|
|
Batting: SHB Mike A Brumley
|
0-0: Ball Damon Farmar steals 3rd base 1-0: Grounds into double play, 4-6-3 (Groundball, 4, EV 82.5 MPH)
|
| Top of the 1st over - 0 runs, 2 hits, 0 errors, 1 left on base; Walla Walla 0 - Bellingham 0 |
| BOTTOM OF THE 1ST |
|
Bellingham Mariners batting - Pitching for Walla Walla Walleyes : RHP Tom Edens
|
|
Pitching: RHP Tom Edens
|
|
|
Batting: LHB Dan O'Regan
|
0-0: SINGLE (Groundball, 4MD, EV 101.9 MPH)
|
|
Batting: RHB Norm Carrasco
|
0-0: Ball 1-0: Called Strike 1-1: Ball 2-1: Swinging Strike 2-2: Fly out, F9 (Flyball, 9D, EV 100.0 MPH)
|
|
Batting: RHB Juan Delgado
|
0-0: Ball 1-0: Foul Ball, location: 2F 1-1: TRIPLE (Groundball, 5L, EV 106.9 MPH) Dan O'Regan scores
|
|
Batting: SHB Paul Felix
|
0-0: Called Strike 0-1: Ball 1-1: Ball 2-1: SINGLE (Flyball, 8LS, EV 85.0 MPH) Juan Delgado scores
|
|
Batting: LHB Daniel Stryffeler
|
0-0: Ball 1-0: SINGLE (Flyball, 7S, EV 96.9 MPH) Paul Felix to second
|
|
Batting: RHB Elza Nevoeiro
|
0-0: Ball 1-0: Grounds into double play, 5-4-3 (Groundball, 56S, EV 79.4 MPH)
|
| Bottom of the 1st over - 2 runs, 4 hits, 0 errors, 1 left on base; Walla Walla 0 - Bellingham 2 |
| TOP OF THE 2ND |
|
Walla Walla Walleyes batting - Pitching for Bellingham Mariners : LHP Bernard Gallo
|
|
Batting: SHB Rafael Rivas
|
0-0: Foul Ball, location: 2F 0-1: Ball 1-1: Called Strike 1-2: Ground out 6-3 (Groundball, 6, EV 88.8 MPH)
|
|
Batting: RHB Osbe Hoskins
|
0-0: Ball 1-0: Foul Ball, location: 2F 1-1: Ball 2-1: Called Strike 2-2: Ball 3-2: Strikes out swinging
|
|
Batting: LHB Brian Hartsock
|
0-0: Ground out 4-3 (Groundball, 4, EV 85.6 MPH)
|
| Top of the 2nd over - 0 runs, 0 hits, 0 errors, 0 left on base; Walla Walla 0 - Bellingham 2 |
| BOTTOM OF THE 2ND |
|
Bellingham Mariners batting - Pitching for Walla Walla Walleyes : RHP Tom Edens
|
|
Batting: RHB Hector Rivera
|
0-0: Called Strike 0-1: Called Strike 0-2: Fly out, F9 (Flyball, 9, EV 81.3 MPH)
|
|
Batting: RHB Jeff Datz
|
0-0: Fly out, F9 (Flyball, 89M, EV 88.1 MPH)
|
|
Batting: RHB Werner Lajszky
|
0-0: Called Strike 0-1: Ball 1-1: Ball 2-1: Fly out, F9 (Flyball, 89D, EV 74.4 MPH)
|
| Bottom of the 2nd over - 0 runs, 0 hits, 0 errors, 0 left on base; Walla Walla 0 - Bellingham 2 |
| TOP OF THE 3RD |
|
Walla Walla Walleyes batting - Pitching for Bellingham Mariners : LHP Bernard Gallo
|
|
Batting: RHB Wes Kent
|
0-0: Foul Ball, location: 2F 0-1: Foul Ball, location: 2F 0-2: Ball 1-2: Ball 2-2: Foul Ball, location: 2F 2-2: DOUBLE (Flyball, 89XD, EV 94.4 MPH)
|
|
Batting: SHB Jeff McKnight
|
0-0: Ball 1-0: Swinging Strike 1-1: Ball 2-1: Ground out 3-1 (Groundball, 34S, EV 84.4 MPH) Wes Kent to third
|
|
Batting: SHB Damon Farmar
|
0-0: Called Strike 0-1: Called Strike 0-2: Ball 1-2: Foul Ball, location: 2F 1-2: Fly out, F9 (Flyball, 9LM, EV 80.0 MPH) Runner from 3rd tags up, SCORES, throw by RF
|
|
Batting: RHB John Cortez
|
0-0: Called Strike 0-1: Called Strike 0-2: Ball 1-2: Foul Ball, location: 2F 1-2: Fly out, F6 (Flyball, 56D, EV 93.1 MPH)
|
| Top of the 3rd over - 1 run, 1 hit, 0 errors, 0 left on base; Walla Walla 1 - Bellingham 2 |
| BOTTOM OF THE 3RD |
|
Bellingham Mariners batting - Pitching for Walla Walla Walleyes : RHP Tom Edens
|
|
Batting: LHB Dan O'Regan
|
0-0: Ball 1-0: Ball 2-0: Ball 3-0: Base on Balls
|
|
Batting: RHB Norm Carrasco
|
0-0: Ball 1-0: Foul Ball, location: 2F 1-1: Ball 2-1: Grounds out, U3 (Groundball, 3L, EV 83.8 MPH)
|
|
Batting: RHB Juan Delgado
|
0-0: Ball 1-0: Swinging Strike 1-1: Ball 2-1: Swinging Strike 2-2: Fly out, F4 (Line Drive, 4, EV 70.0 MPH)
|
|
Batting: SHB Paul Felix
|
0-0: Ball 1-0: Ball Wild Pitch! Dan O'Regan to third 2-0: Called Strike 2-1: Foul Ball, location: 2F 2-2: Ball Passed Ball! Dan O'Regan scores 3-2: Foul Ball, location: 2F 3-2: Base on Balls
|
|
Batting: LHB Daniel Stryffeler
|
0-0: Ball Wild Pitch! Paul Felix to second 1-0: Ball 2-0: Ball 3-0: Called Strike 3-1: SINGLE (Groundball, 34D, EV 95.0 MPH) Paul Felix to third Runner from 3rd tries for Home, SAFE, throw by RF to home Daniel Stryffeler to second
|
|
Batting: RHB Elza Nevoeiro
|
0-0: Ball 1-0: Ball 2-0: Called Strike 2-1: Ball 3-1: Ground out 5-3 (Groundball, 5, EV 88.1 MPH)
|
| Bottom of the 3rd over - 2 runs, 1 hit, 0 errors, 1 left on base; Walla Walla 1 - Bellingham 4 |
| TOP OF THE 4TH |
|
Walla Walla Walleyes batting - Pitching for Bellingham Mariners : LHP Bernard Gallo
|
|
Batting: RHB Curtis Burke
|
0-0: Called Strike 0-1: Fly out, F8 (Flyball, 8RD, EV 86.3 MPH)
|
|
Batting: SHB Mike A Brumley
|
0-0: Ball 1-0: Foul Ball, location: 2F 1-1: Ball 2-1: Called Strike 2-2: Ball 3-2: DOUBLE (Line Drive, 8RD, EV 95.0 MPH)
|
|
Batting: SHB Rafael Rivas
|
0-0: SINGLE (Groundball, 34D, EV 108.1 MPH) Mike A Brumley to third
|
|
Batting: RHB Osbe Hoskins
|
0-0: Ball 1-0: Ball 2-0: Fly out, F9 (Flyball, 89M, EV 92.5 MPH) Runner from 3rd tags up, SCORES, no throw by RF
|
|
Batting: LHB Brian Hartsock
|
0-0: Called Strike 0-1: Ball 1-1: Swinging Strike 1-2: Ball 2-2: Fly out, F4 (Popup, 4S, EV 78.8 MPH)
|
| Top of the 4th over - 1 run, 2 hits, 0 errors, 1 left on base; Walla Walla 2 - Bellingham 4 |
| BOTTOM OF THE 4TH |
|
Bellingham Mariners batting - Pitching for Walla Walla Walleyes : RHP Tom Edens
|
|
Batting: RHB Hector Rivera
|
0-0: Swinging Strike 0-1: Ball 1-1: Ball 2-1: Swinging Strike 2-2: Strikes out swinging
|
|
Batting: RHB Jeff Datz
|
0-0: Ball 1-0: Fly out, F9 (Flyball, 9LS, EV 92.5 MPH)
|
|
Batting: RHB Werner Lajszky
|
0-0: Ball 1-0: Swinging Strike 1-1: Foul Ball, location: 2F 1-2: Foul Ball, location: 2F 1-2: Ball 2-2: Ground out 5-3 (Groundball, 56, EV 101.3 MPH)
|
| Bottom of the 4th over - 0 runs, 0 hits, 0 errors, 0 left on base; Walla Walla 2 - Bellingham 4 |
| TOP OF THE 5TH |
|
Walla Walla Walleyes batting - Pitching for Bellingham Mariners : LHP Bernard Gallo
|
|
Batting: RHB Wes Kent
|
0-0: Fly out, F9 (Flyball, 9, EV 76.9 MPH)
|
|
Batting: SHB Jeff McKnight
|
0-0: Called Strike 0-1: Called Strike 0-2: Foul Ball, location: 2F 0-2: SINGLE (Groundball, 6MD, EV 97.5 MPH)
|
|
Batting: SHB Damon Farmar
|
0-0: Called Strike 0-1: Called Strike 0-2: Strikes out swinging
|
|
Batting: RHB John Cortez
|
0-0: Ball 1-0: SINGLE (Line Drive, 8LS, EV 86.9 MPH) Jeff McKnight to second
|
|
Batting: RHB Curtis Burke
|
0-0: Swinging Strike 0-1: Ball 1-1: Foul Ball, location: 2F 1-2: Strikes out swinging
|
| Top of the 5th over - 0 runs, 2 hits, 0 errors, 2 left on base; Walla Walla 2 - Bellingham 4 |
| BOTTOM OF THE 5TH |
|
Bellingham Mariners batting - Pitching for Walla Walla Walleyes : RHP Tom Edens
|
|
Batting: LHB Dan O'Regan
|
0-0: Ball 1-0: Foul Ball, location: 2F 1-1: Called Strike 1-2: Ground out 3-1 (Groundball, 34S, EV 71.9 MPH)
|
|
Batting: RHB Norm Carrasco
|
0-0: Called Strike 0-1: Ball 1-1: Ball 2-1: Called Strike 2-2: Ball 3-2: Base on Balls
|
|
Batting: RHB Juan Delgado
|
0-0: Called Strike 0-1: Called Strike 0-2: Ball 1-2: Fly out, F8 (Line Drive, 8RM, EV 85.0 MPH)
|
|
Batting: SHB Paul Felix
|
Balk! Norm Carrasco to second 0-0: Ground out 2-3 (Groundball, 15S, EV 65.6 MPH)
|
| Bottom of the 5th over - 0 runs, 0 hits, 0 errors, 1 left on base; Walla Walla 2 - Bellingham 4 |
| TOP OF THE 6TH |
|
Walla Walla Walleyes batting - Pitching for Bellingham Mariners : LHP Bernard Gallo
|
|
Pitching: RHP Charles Dexter
|
|
|
Batting: SHB Mike A Brumley
|
0-0: Ball 1-0: Ground out 6-3 (Groundball, P, EV 85.0 MPH)
|
|
Batting: SHB Rafael Rivas
|
0-0: Ball 1-0: Swinging Strike 1-1: Called Strike 1-2: Ball 2-2: Strikes out swinging
|
|
Batting: RHB Osbe Hoskins
|
0-0: Called Strike 0-1: Ground out 4-3 (Groundball, 4M, EV 79.4 MPH)
|
| Top of the 6th over - 0 runs, 0 hits, 0 errors, 0 left on base; Walla Walla 2 - Bellingham 4 |
| BOTTOM OF THE 6TH |
|
Bellingham Mariners batting - Pitching for Walla Walla Walleyes : RHP Tom Edens
|
|
Batting: LHB Daniel Stryffeler
|
0-0: Ball 1-0: DOUBLE (Line Drive, 89XD, EV 101.9 MPH)
|
|
Batting: RHB Elza Nevoeiro
|
0-0: Called Strike 0-1: Foul Ball, location: 2F 0-2: Ball 1-2: Strikes out swinging
|
|
Batting: RHB Hector Rivera
|
0-0: Ground out 4-3 (Groundball, 4, EV 79.4 MPH) Daniel Stryffeler to third
|
|
Batting: RHB Jeff Datz
|
0-0: Swinging Strike 0-1: Swinging Strike 0-2: Strikes out swinging
|
| Bottom of the 6th over - 0 runs, 1 hit, 0 errors, 1 left on base; Walla Walla 2 - Bellingham 4 |
| TOP OF THE 7TH |
|
Walla Walla Walleyes batting - Pitching for Bellingham Mariners : RHP Charles Dexter
|
|
Batting: LHB Brian Hartsock
|
0-0: Ball 1-0: Foul Ball, location: 2F 1-1: Foul Ball, location: 2F 1-2: Foul Ball, location: 2F 1-2: Fly out, F4 (Line Drive, 4, EV 66.3 MPH)
|
|
Batting: RHB Wes Kent
|
0-0: Ground out U3 (Groundball, 3S, EV 86.3 MPH)
|
|
Batting: SHB Jeff McKnight
|
0-0: Called Strike 0-1: Fly out, F8 (Flyball, 8LS, EV 73.8 MPH)
|
| Top of the 7th over - 0 runs, 0 hits, 0 errors, 0 left on base; Walla Walla 2 - Bellingham 4 |
| BOTTOM OF THE 7TH |
|
Bellingham Mariners batting - Pitching for Walla Walla Walleyes : RHP Tom Edens
|
|
Batting: RHB Werner Lajszky
|
0-0: Ball 1-0: Ball 2-0: Ball 3-0: Called Strike 3-1: Base on Balls
|
|
Batting: LHB Dan O'Regan
|
0-0: Ball 1-0: Called Strike 1-1: Ball 2-1: Foul Ball, location: 2F 2-2: Fly out, F6 (Popup, 6D, EV 53.1 MPH)
|
|
Batting: RHB Norm Carrasco
|
0-0: Called Strike 0-1: Ball Werner Lajszky steals 2nd base 1-1: Ball 2-1: Ball 3-1: Ground out 6-3 (Groundball, 6, EV 105.0 MPH)
|
|
Batting: RHB Juan Delgado
|
0-0: Foul Ball, location: 2F 0-1: Ball 1-1: Swinging Strike 1-2: Ground out 4-3 (Groundball, 4, EV 90.0 MPH)
|
| Bottom of the 7th over - 0 runs, 0 hits, 0 errors, 1 left on base; Walla Walla 2 - Bellingham 4 |
| TOP OF THE 8TH |
|
Walla Walla Walleyes batting - Pitching for Bellingham Mariners : RHP Charles Dexter
|
|
Batting: SHB Damon Farmar
|
0-0: Called Strike 0-1: Ground out U3 (Groundball, 3, EV 92.5 MPH)
|
|
Batting: RHB John Cortez
|
0-0: Called Strike 0-1: Foul Ball, location: 2F 0-2: SINGLE (Line Drive, 8LS, EV 93.1 MPH)
|
|
Batting: RHB Curtis Burke
|
0-0: Ball 1-0: Ball 2-0: Called Strike 2-1: Foul Ball, location: 2F 2-2: Foul Ball, location: 2F 2-2: Ball 3-2: Base on Balls John Cortez to second
|
|
Pitching: RHP Jay Samuel
|
|
|
Batting: SHB Mike A Brumley
|
0-0: Called Strike 0-1: SINGLE (Line Drive, 8LM, EV 93.8 MPH) John Cortez to third Curtis Burke to second
|
|
Batting: SHB Rafael Rivas
|
0-0: Foul Ball, location: 2F 0-1: Foul Ball, location: 2F 0-2: Ball 1-2: Grounds into fielders choice 4-2 (Groundball, 4, EV 96.9 MPH) Curtis Burke to third Mike A Brumley to second
|
|
Batting: RHB Osbe Hoskins
|
0-0: Ball 1-0: Ball 2-0: Called Strike 2-1: Ball 3-1: Base on Balls Curtis Burke scores Mike A Brumley to third Rafael Rivas to second
|
|
Batting: LHB Brian Hartsock
|
0-0: Ball 1-0: Fly out, F6 (Flyball, 56D, EV 87.5 MPH)
|
| Top of the 8th over - 1 run, 2 hits, 0 errors, 3 left on base; Walla Walla 3 - Bellingham 4 |
| BOTTOM OF THE 8TH |
|
Bellingham Mariners batting - Pitching for Walla Walla Walleyes : RHP Tom Edens
|
|
Batting: SHB Paul Felix
|
0-0: Ball 1-0: Foul Ball, location: 2F 1-1: Called Strike 1-2: Foul Ball, location: 2F 1-2: Ball 2-2: Strikes out looking
|
|
Batting: LHB Daniel Stryffeler
|
0-0: Ball 1-0: Ground out 6-3 (Groundball, 6M, EV 104.4 MPH)
|
|
Batting: RHB Elza Nevoeiro
|
0-0: Ball 1-0: SINGLE (Groundball, 56D, EV 104.4 MPH)
|
|
Batting: RHB Hector Rivera
|
0-0: Ground out 4-3 (Groundball, 34, EV 76.3 MPH)
|
| Bottom of the 8th over - 0 runs, 1 hit, 0 errors, 1 left on base; Walla Walla 3 - Bellingham 4 |
| TOP OF THE 9TH |
|
Walla Walla Walleyes batting - Pitching for Bellingham Mariners : RHP Jay Samuel
|
|
Batting: LHB Thomas Gertz
|
0-0: Foul Ball, location: 2F 0-1: Swinging Strike 0-2: Ball 1-2: Ball 2-2: Strikes out swinging
|
|
Pinch Hitting: LHB Robert Cobb
|
0-0: Ball 1-0: Ball 2-0: Ball 3-0: Called Strike 3-1: Base on Balls
|
|
Batting: SHB Damon Farmar
|
0-0: Ball 1-0: Called Strike 1-1: Ball 2-1: Fielders Choice at 2nd, 4-6 (Groundball, 4, EV 88.8 MPH)
|
|
Batting: RHB John Cortez
|
0-0: Called Strike 0-1: Ball 1-1: Ball 2-1: Ball 3-1: Base on Balls Damon Farmar to second
|
|
Pitching: LHP Mark Blumenschein
|
|
|
Batting: RHB Curtis Burke
|
0-0: Called Strike 0-1: Ball 1-1: Ground out 5-3 (Groundball, 25, EV 87.5 MPH)
|
| Top of the 9th over - 0 runs, 0 hits, 0 errors, 2 left on base; Walla Walla 3 - Bellingham 4 |
|